 Dungeon Crawl Stone Soup version 0.18-a0-1426-g3b9a63c (webtiles) character file.

628 chei the Slasher (level 7, 3/63 HPs)
             Began as a Naga Fighter on Feb 27, 2016.
             Quit the game on level 4 of the Dungeon.
             The game lasted 00:04:55 (4278 turns).

chei the Slasher (Naga Fighter)                     Turns: 4278, Time: 00:04:55

Health: 3/63       AC:  7    Str: 24    XL:     7   Next: 48%
Magic:  7/7        EV:  8    Int: 15    God:
Gold:   145        SH: 10    Dex: 12    Spells: 0 memorised, 6 levels left

rFire  . . .     SeeInvis +     a - +0 long sword
rCold  + . .     Gourm    .     o - +2 ring mail {rC+}
rNeg   . . .     Faith    .     c - +0 shield
rPois  +         Spirit   .     (no helmet)
rElec  .         Dismiss  .     (no cloak)
rCorr  .         Reflect  .     (no gloves)
SustAt .         Harm     .     (no barding)
MR     .....     Rnd*Rage +     (no amulet)
Stlth  ..........               (no ring)
                                t - ring of loudness (curse)

@: mighty, brilliant, exhausted, flying, very slightly contaminated, hasted and
slowed, very slow, not resistant to hostile enchantments, extremely unstealthy
A: see invisible, agile 1, berserk 1, deformed body, poison resistance, slowness
2, slow metabolism 1, spit poison 2, no device heal 1, AC +2
a: Spit Poison


You were on level 4 of the Dungeon.
You were not hungry.

You visited 1 branch of the dungeon, and saw 4 of its levels.

You collected 145 gold pieces.

Inventory:

Hand Weapons
 a - a +0 long sword (weapon)
Armour
 b - a +0 scale mail
 c - a +0 shield (worn)
 o - a +2 ring mail of cold resistance (worn)
Jewellery
 t - a cursed ring of loudness (left hand)
Scrolls
 h - a scroll of amnesia
Potions
 d - a potion of might
 l - 2 potions of agility
 p - 3 potions of curing
Comestibles
 f - 5 bread rations
 s - 3 meat rations


   Skills:
 + Level 3.8 Fighting
 * Level 4.2 Long Blades
 + Level 3.9 Armour
 + Level 2.6 Dodging
 + Level 1.2 Stealth
 + Level 3.9 Shields


You had 6 spell levels left.
You didn't know any spells.

Dungeon Overview and Level Annotations

Branches:
Dungeon (4/15)             Temple (0/1) D:4

Altars:
Ashenzari
Nemelex Xobeh
Pakellas
Trog
Yredelemnul

Annotations:
D:4 Grinder


Innate Abilities, Weirdness & Mutations

You cannot wear boots.
Your serpentine skin is tough (AC +2).
You have supernaturally acute eyesight.
Armour fits poorly on your strangely shaped body.
Your system is resistant to poisons.
You cover ground very slowly.
You have a slow metabolism.
You can spit poison.
You are agile. (Dex +2)
You tend to lose your temper in combat.
Potions and wands are less effective at restoring your health.


Message History

It was a potion of mutation.
You feel extremely strange.
You feel a little pissed off.
You feel agile.
Your system partially rejects artificial healing.
Grinder says, "FISH!"
You block Grinder's attack.
Drink which item? (? for menu, Esc to quit)
It was a potion of flight.
You feel very buoyant.
You fly up into the air.
Grinder says, "There's only one good use for a tongue: cutting it out."
Grinder gestures at you. You resist with some effort.
You hit Grinder.
Grinder is severely wounded.
Grinder gestures.
Grinder blinks!
Grinder gestures at you. Pain shoots through your body!
* * * LOW HITPOINT WARNING * * *
Are you sure you want to abandon this character and quit the game? (Confirm with "yes".)

###############.......##.#,,,,,,,
#..........#,,,,,,,
#......#####,,,,,,,
#######......# **,,,,,,
#.......5....# ****,****,
#...........†##*,,,,****,
#........##...#*,,,.,,**,
#.............##....,,**,
#######.@.........._.,,,,
#........##....,,**
#........#*,,..,,**
#......$.#***,,,,*
#........#***,****
#..........,,,* #.........##,,*
#..........,,** *,,,,,,,,,****


You could see Grinder.

Vanquished Creatures
  2 phantoms
  A centaur (D:3)
  The ghost of Tux the Magician, an amateur DEFE (D:3)
  A hound (D:4)
  A jelly (D:2)
  2 orc priests (D:3)
  2 orc wizards (D:3)
  A worker ant (D:4)
  4 adders
  An ooze (D:3)
  A worm (D:2)
  A giant gecko (D:3)
  10 orcs (D:3)
  11 bats
  7 giant cockroaches
  7 goblins
  7 hobgoblins
  10 jackals (D:2)
  2 quokkas (D:3)
  5 giant newts
  A jackal skeleton (D:4)
  5 kobolds
  2 rats
85 creatures vanquished.

Notes
Turn   | Place    | Note
--------------------------------------------------------------
     0 | D:1      | chei the Naga Fighter began the quest for the Orb.
     0 | D:1      | Reached XP level 1. HP: 21/21 MP: 1/1
   148 | D:1      | Reached XP level 2. HP: 28/28 MP: 2/2
   876 | D:2      | Reached XP level 3. HP: 27/34 MP: 3/3
   889 | D:2      | Reached skill level 1 in Dodging
  1200 | D:2      | Found a shattered altar of Ashenzari.
  1205 | D:2      | Found an oddly glowing altar of Pakellas.
  1209 | D:2      | Found a sparkling altar of Nemelex Xobeh.
  1522 | D:2      | Reached XP level 4. HP: 37/42 MP: 4/4
  1702 | D:3      | Noticed Tux's ghost (amateur DEFE)
  1721 | D:3      | Killed Tux's ghost
  1721 | D:3      | Reached skill level 3 in Long Blades
  1721 | D:3      | Reached XP level 5. HP: 22/49 MP: 5/5
  2012 | D:3      | Noticed a phantom
  2055 | D:3      | Killed a phantom
  2055 | D:3      | Reached XP level 6. HP: 18/56 MP: 6/6
  3184 | D:3      | Reached XP level 7. HP: 26/62 MP: 7/7
  3590 | D:3      | Found a bloodstained altar of Trog.
  3870 | D:4      | Reached skill level 4 in Long Blades
  4225 | D:4      | Reached skill level 1 in Stealth
  4239 | D:4      | Noticed Grinder
  4254 | D:4      | Paralysed by Grinder for 7 turns
  4267 | D:4      | Found a basalt altar of Yredelemnul.
  4274 | D:4      | Gained mutation: You tend to lose your temper in combat. [potion of mutation]
  4274 | D:4      | Gained mutation: You are agile. (Dex +2) [potion of mutation]
  4274 | D:4      | Gained mutation: Potions and wands are less effective at restoring your health. [potion of mutation]
  4277 | D:4      | HP: 3/63 [Grinder/nerve-wracking pain (10)]
  4278 | D:4      | Quit the game

Vault maps used:
D:1:      dpeg_arrival_rhombus
D:2:      minmay_overflow_temple_star_quad, first_bread,
          kennysheep_decorative_pillar, minmay_misc_feat_pillars
D:3:      lemuel_doored_altar, supply_closet_lemuel
D:4:      nicolae_overflow_crystal_walls, overflow_temple_1_default,
          temple_fountains, uniq_grinder

Skill      XL: |  1  2  3  4  5  6  7 |
---------------+----------------------+-----
Dodging        | 1 2 |  2.6
Armour         | 3 |  3.9
Long Blades    | 3 4 |  4.2
Shields        | 3 |  3.9
Stealth        | 1 |  1.2
Fighting       | |  3.8

Action                   |  1- 3 |  4- 6 |  7- 9 || total
-------------------------+-------+-------+-------++-------
Melee: Long sword        |   154 |   132 |    77 ||   363
 Abil: Spit Poison       |       |     1 |     1 ||     2
  Use: Potion            |       |       |     9 ||     9
       Scroll            |       |       |     8 ||     8
  Eat: Chunk             |     1 |     2 |       ||     3
       Royal jelly       |       |     1 |       ||     1
       Bread ration      |       |       |     1 ||     1
